 Dungeon Crawl Stone Soup version 0.28-a0-1435-g82390b3a13 (webtiles) character file.

Game seed: 8900779825268726640

793 oldriver the Ruffian (level 7, 0/62 HPs)
             Began as a Ghoul Chaos Knight on Jan 10, 2022.
             Was a Plaything of Xom.
             Slain by a wight (14 damage)
             ... on level 5 of the Dungeon.
             The game lasted 00:04:39 (4744 turns).

oldriver the Ruffian (Ghoul Chaos Knight)           Turns: 4744, Time: 00:04:39

Health: 0/62       AC:  6    Str: 18    XL:     7   Next: 88%
Magic:  15/15      EV: 12    Int:  7    God:    Xom [......]
Gold:   102        SH:  0    Dex:  8    Spells: 6/6 levels left

rFire   . . .      SeeInvis .     - Unarmed
rCold   + . .      Faith    .   (no shield)
rNeg    + + +      Spirit   .   a - +2 leather armour
rPois   ∞          Reflect  .   (no helmet)
rElec   .          Harm     .   (no cloak)
rCorr   .          Rampage  .   (no gloves)
Will    .....                   j - +0 pair of boots
Stlth   +.........              (no amulet)
HPRegen 0.00/turn               k - ring of magical power
MPRegen 0.14/turn               (no ring)

@: inhibited regen
A: claws 1, cold resistance 1, negative energy resistance 3, inhibited
regeneration, torment resistance 2
a: Renounce Religion


You were on level 5 of the Dungeon.
You worshipped Xom.
You were a very special plaything of Xom.
You visited 1 branch of the dungeon, and saw 5 of its levels.

You collected 202 gold pieces.
You spent 100 gold pieces at shops.

Inventory:

Armour
 a - a +2 leather armour (worn)
 j - a +0 pair of boots (worn)
Jewellery
 k - a ring of magical power (left claw)
 p - a +6 ring of strength
Wands
 o - a wand of flame (14)
 q - a wand of digging (1)
Scrolls
 c - a scroll of holy word {unknown}
 d - 4 scrolls of identify {unknown}
 e - a scroll of immolation
 l - a scroll of torment {unknown}
 n - 2 scrolls of teleportation {unknown}
 s - a scroll of fear {unknown}
 t - a scroll of brand weapon {unknown}
Potions
 b - 2 potions of degeneration {unknown}
 f - a potion of lignification {unknown}
 g - 2 potions of curing {unknown}
 h - a potion of attraction {unknown}
 i - 2 potions of invisibility {unknown}
 m - a potion of mutation {unknown}
 r - a potion of flight {unknown}
 u - a potion of magic {unknown}


   Skills:
 * Level 5.9 Fighting
 + Level 3.2 Armour
 * Level 4.1 Dodging
 * Level 6.0 Unarmed Combat


You had 6 spell levels left.
You didn't know any spells.
Your spell library contained the following spells:

 Spells                   Type           Power      Damage    Failure   Level
 Freeze                   Ice            0%         1d3       50%         1
 Frozen Ramparts          Ice            0%         1d2       86%         3
 Hailstorm                Conj/Ice       0%         3d3       99%         4


Dungeon Overview and Level Annotations

Branches:
Dungeon (5/15)
 Temple: D:4-7

Altars:
Xom
Yredelemnul

Shops:
D:1 [   D:2 *   D:3 :

Annotations:
D:4 2 transporters, riojii's ghost, novice GrBe
D:5 Sigmund


Innate Abilities, Weirdness & Mutations

You thrive by killing the living.
You are immune to poison.
You have sharp fingernails.
Your flesh is cold resistant. (rC+)
You are immune to negative energy. (rN+++)
You do not regenerate when monsters are visible.
You are immune to unholy pain and torment.


Message History

Your Unarmed Combat skill increases to level 6!
Things that are here:
a +0 flail; a gnoll skeleton
Things that are here:
a +0 robe; a +0 club
Things that are here:
a +0 flail; a gnoll skeleton
There is an open door here.
You open the door.
There is an open door here.
Found a dagger.
A wight comes into view. It is wielding a +4 long sword.
Found a +0 robe.
A wight is nearby!
A wight is nearby!
A wight is nearby!
A wight comes into view.
It is wielding a +0 battleaxe and carrying a wand of polymorph (7).
Xom's power touches on a nearby monster.
The wight suddenly seems more agile.
Xom's power touches on a nearby monster.
The wight flickers and vanishes!
Deactivating autopickup; reactivate with Ctrl-A.
No target in view!
No target in view!
No target in view!
Something hits you.
You scratch something. Something hits you!
You completely miss something. Something hits you.
You closely miss something. Something hits you but does no damage.
You completely miss something. Something hits you.
You closely miss something. Something hits you.
You scratch something. You miss something. Something hits you.
You miss something. Something hits you.
You barely miss something. Something hits you.
You closely miss something. Something hits you.
* * * LOW HITPOINT WARNING * * *
You completely miss something. Something hits you!
You die... "Huh?
Did I miss anything?"

#).###..####.##).##..
#<...............#...
#................#...
#..#####+#####...##..
#.)####...####...##..
#)...................
#[.).................
#.)..##..............
#...@##..<..##...###.
#...{##'############.
#....'......#........
#....#......#........
#....#......##'#####.
#....#......# ###.
#....######## #...
#....# #... #.....
##..


There were no monsters in sight!

Vanquished Creatures
  2 ogres
  A centaur (D:4)
  2 water moccasin skeletons (D:5)
  A bullfrog zombie (D:5)
  A hound (D:4)
  4 bullfrog skeletons
  A gnoll shaman (D:5)
  An orc wizard (D:3)
  A hound zombie (D:3)
  7 gnolls
  4 adders
  A river rat (D:4)
  An adder skeleton (D:4)
  2 dart slugs
  4 orcs
  7 ball pythons
  7 endoplasms
  4 giant cockroaches
  6 hobgoblins
  7 quokkas
  A ball python zombie (D:3)
  2 bats
  4 frilled lizards
  A giant cockroach zombie (D:3)
  9 goblins
  8 kobolds
  A quokka skeleton (D:4)
  6 rats
96 creatures vanquished.

Vanquished Creatures (others)
  6 plants (D:4)
6 creatures vanquished.

Grand Total: 102 creatures vanquished

Notes
Turn   | Place    | Note
-------+----------+-------------------------------------------
     0 | D:1      | oldriver the Ghoul Chaos Knight began the quest for the
                  | Orb.
     0 | D:1      | Reached XP level 1. HP: 19/19 MP: 0/0
    20 | D:1      | Reached skill level 1 in Dodging
    92 | D:1      | XOM: divination: detect items
   110 | D:1      | XOM: silly message
   127 | D:1      | Reached XP level 2. HP: 26/26 MP: 1/1
   558 | D:1      | XOM: silly message
   677 | D:1      | XOM: silly message
   727 | D:1      | Reached XP level 3. HP: 33/33 MP: 2/2
   765 | D:1      | XOM: silly message
   842 | D:1      | Found Piussuet's Armour Shop.
  1067 | D:1      | XOM is BORED!
  1200 | D:2      | Found Numoboof's Assorted Antiques.
  1392 | D:2      | Reached XP level 4. HP: 34/40 MP: 3/3
  1433 | D:2      | Reached skill level 4 in Unarmed Combat
  1846 | D:2      | XOM: silly message
  1923 | D:2      | Found a faded altar of an unknown god.
  1979 | D:2      | XOM: scenery: create altars
  2023 | D:2      | XOM: god gift: 52 gold pieces
  2248 | D:2      | Bought a shiny emerald ring for 100 gold pieces
  2296 | D:2      | XOM is BORED!
  2296 | D:2      | XOM: noise
  2385 | D:3      | Found a basalt altar of Yredelemnul.
  2400 | D:3      | XOM: 1-stop teleportation journey
  2431 | D:3      | Reached XP level 5. HP: 25/46 MP: 4/4
  2678 | D:3      | XOM: silly message
  2748 | D:3      | XOM: smoke on damage
  2761 | D:3      | Found Qinoegoe's Book Shop.
  2761 | D:3      | XOM: 4-stop teleportation journey
  2989 | D:3      | XOM: silly message
  3196 | D:4      | Noticed a centaur
  3209 | D:4      | XOM: polymorph dart slug -> river rat
  3213 | D:4      | Killed a centaur
  3214 | D:4      | Reached XP level 6. HP: 39/53 MP: 5/5
  3491 | D:4      | XOM: cloud trail
  3579 | D:4      | XOM: divination: magic mapping
  3611 | D:4      | Reached skill level 5 in Fighting
  3611 | D:4      | Reached skill level 5 in Unarmed Combat
  3830 | D:4      | Noticed riojii's ghost (novice GrBe)
  3911 | D:4      | XOM: 6-stop teleportation journey
  4289 | D:4      | Found a transporter.
  4289 | D:4      | Found a transporter.
  4361 | D:5      | Entered Level 5 of the Dungeon
  4365 | D:5      | Reached XP level 7. HP: 61/61 MP: 6/6
  4367 | D:5      | Noticed Sigmund
  4371 | D:4      | XOM: divination: detect items
  4639 | D:5      | Reached skill level 6 in Unarmed Combat
  4729 | D:5      | XOM: enchant monster (bad)
  4730 | D:5      | XOM: enchant monster (bad)
  4744 | D:5      | Slain by a wight

Illustrated notes

Levels and vault maps discovered:
D:1:      lemuel_arrival_cross, layout_basic, serial_shops, shop_fountains
D:2:      layout_basic, shapermc_ecumenical_altar_mp_vishouse, serial_shops,
          nicolae_shop_stone, minmay_misc_feat_cross,
          minmay_randomly_rotated_circles
D:3:      layout_loops_ring, nicolae_yredelemnul_corpse_copse, serial_shops,
          shop, nrook_campfire, minmay_misc_feat_plants
D:4:      layout_basic, gammafunk_ghost_gnarly_gnolls, eino_tiny_chamber
D:5:      layout_gridville, uniq_sigmund

Skill      XL: |  1  2  3  4  5  6  7 |
---------------+----------------------+-----
Dodging        | 1 2 3 4 |  4.1
Armour         | 2 3 |  3.2
Fighting       | 4 5 |  5.9
Unarmed Combat | 4 5 6 |  6.0

Action                   |  1- 3 |  4- 6 |  7- 9 || total
-------------------------+-------+-------+-------++-------
Melee: Unarmed           |   111 |   163 |    47 ||   321
       Punch             |     3 |     9 |     3 ||    15
Evoke: Wand              |       |     2 |     2 ||     4
  Use: Scroll            |       |     1 |       ||     1
Armor: Leather armour    |    38 |    52 |    13 ||   103
Dodge: Dodged            |    64 |    93 |    13 ||   170

Table legend: (Time is in decaauts)
 A = Elapsed time spent in this place.
 B = Non-inter-level travel time spent in this place.
 C = Inter-level travel time spent in this place.
 D = Time resting spent in this place.
 E = Time spent auto-exploring this place.
 F = Levels seen in this place.
 G = Mean time per level.
                   A        B        C        D        E       F      G
               +--------+--------+--------+--------+--------+-----+--------+
         Total |   4720 |   4571 |    149 |    889 |   2976 |   5 |  944.0 |
       Dungeon |   4720 |   4571 |    149 |    889 |   2976 |   5 |  944.0 |
               +--------+--------+--------+--------+--------+-----+--------+

Top non-repeatable levels by time:
     D:2: 1247 daAuts
     D:4: 1212 daAuts
     D:1: 1074 daAuts
     D:3: 854 daAuts
     D:5: 331 daAuts
